 Dungeon Crawl Stone Soup version 0.27.1-3-gb3d3a73c9e (webtiles) character file.

Game seed: 7683166706796833341

28 belegose the Sneak (level 3, -1/29 HPs)
             Began as a Demonspawn Delver on Oct 17, 2021.
             Slain by an orc (9 damage)
             ... on level 5 of the Dungeon.
             The game lasted 00:01:22 (179 turns).

belegose the Sneak (Demonspawn Delver)               Turns: 179, Time: 00:01:22

Health: -1/29      AC:  3    Str: 13    XL:     3   Next: 0%
Magic:  3/3        EV: 12    Int: 11    God:
Gold:   0          SH:  0    Dex: 14    Spells: 2/2 levels left

rFire    . . .     SeeInvis .   a - +0 mace
rCold    . . .     Faith    .   (no shield)
rNeg     . . .     Spirit   .   b - +0 leather armour
rPois    .         Reflect  .   (no helmet)
rElec    .         Harm     .   (no cloak)
rCorr    .         Rampage  .   (no gloves)
Will     .....                  (no boots)
Stlth    +++.......             (no amulet)
HPRegen  0.09/turn              (no ring)
MPRegen  0.08/turn              (no ring)

@: no status effects
A: talons 1
a: no special abilities


You were on level 5 of the Dungeon.
You visited 1 branch of the dungeon, and saw 1 of its levels.

Inventory:

Hand Weapons
 a - a +0 mace (weapon)
Armour
 b - a +0 leather armour (worn)
Wands
 g - a wand of digging (3)
 h - a wand of iceblast (11)
Scrolls
 c - a scroll of fog
 d - a scroll of magic mapping
 e - a scroll of fear
Potions
 f - a potion of haste


   Skills:
 + Level 3.3 Fighting
 + Level 2.2 Maces & Flails
 + Level 2.2 Dodging
 + Level 4.7 Stealth


You had 2 spell levels left.
You didn't know any spells.
Your spell library was empty.

Dungeon Overview and Level Annotations

Branches:
Dungeon (5/15)
 Temple: D:4-7

Altars:
Trog

Portals:
Ossuary: D:5


Innate Abilities, Weirdness & Mutations

You have sharp toenails.


Message History

You claw the quokka, but do no damage. The quokka barely misses you.
The quokka closely misses you.
You closely miss the quokka. You claw the quokka, but do no damage.
The quokka barely misses you.
You hit the quokka but do no damage. You claw the quokka.
The quokka is almost dead.
The quokka closely misses you. The quokka misses you.
You hit the quokka.
You kill the quokka!
You have reached level 3!
Your experience leads to an increase in your attributes!
Increase (S)trength, (I)ntelligence, or (D)exterity?
You feel stronger.
You hear the hiss of an avalanche of sand nearby.
A black bear comes into view.
Found a bubbling dark potion.
The black bear growls angrily.
You hear a shout!
The black bear moves out of view.
You hear a shout!
An orc comes into view. It is wielding a +0 short sword.
The black bear bites you!
* * * LOW HITPOINT WARNING * * *
The black bear barely misses you. x2
The black bear completely misses you. The black bear closely misses you.
The black bear claws you.
* * * LOW HITPOINT WARNING * * *
The orc grunts loudly, as Orcs often do.
Found 10 gold pieces.
Found a stone staircase leading down.
Found a sand-covered staircase. 2 orcs, an orc priest and an orc wizard come into view.
Found a long sword.
The orc shouts!
An orc comes into view. It is wielding a +0 war axe.
The orc priest looks braver for a moment.
An ogre comes into view. It is wielding a +0 giant club.
Found a bloodstained altar of Trog.
The orc barely misses you. The orc hits you with a +0 war axe!
You die...

######...#..._ .........
.O.. #......# ... .
#...∩..##.## ..
######..........#...
#.....>............. ...
.### #..........o....# !.
.... #.....o..ho.@)..# .o
.... #.....oo.h####### #.
.... ######.#### #. ....
#####.###### #.#....
#..........# #......
#.......h..# #.##
#...$......############..###
#####......o....o...........
####################..##


You could see 2 black bears, an ogre (wandering), an orc priest, an orc wizard
and 3 orcs.

Vanquished Creatures
  A centaur skeleton (D:5)
  A quokka (D:5)
2 creatures vanquished.

Notes
Turn   | Place    | Note
-------+----------+-------------------------------------------
     0 | D:5      | belegose the Demonspawn Delver began the quest for the Orb.
     0 | D:5      | Reached XP level 1. HP: 18/18 MP: 1/1
    51 | D:5      | Gained mutation: You have sharp toenails. [demonic
                  | ancestry]
    51 | D:5      | Reached XP level 2. HP: 5/24 MP: 2/2
    90 | D:5      | Noticed a black bear
   111 | D:5      | Reached XP level 3. HP: 12/29 MP: 3/3
   152 | D:5      | Noticed a black bear
   172 | D:5      | Found a sand-covered staircase.
   175 | D:5      | Noticed an ogre
   177 | D:5      | Found a bloodstained altar of Trog.
   179 | D:5      | Slain by an orc

Illustrated notes

Levels and vault maps discovered:
D:5:      layout_basic, kennysheep_mini, trog_ov_bears_minmay, enter_ossuary_1,
          kennysheep_big_empty_room, kennysheep_pointless_box

Skill      XL: |  1 |
---------------+----+-----
Maces & Flails | 2 |  2.2
Dodging        | 2 |  2.2
Fighting       | |  3.3
Stealth        | |  4.7

Action                   || total
-------------------------++-------
Melee: Mace              ||    10
       Kick              ||     3
Armor: Leather armour    ||     9
Dodge: Dodged            ||    16
